[ AOE2 MATCH · #507053822 ]
UnrankedCelts vs Berbers
Player's team · WIN
Rival team · LOSS
[ REPLAY ANALYSIS · EXTRACTED FROM THE RECORDED GAME ]
Feudal
11:00
Castle
21:58
Imperial
—
| APM avg | 71.2 |
| APM peak | 113 |
| eAPM avg | 33.1 |
| Villagers / military | 127 / 168 |
Focus
⚔️ 44.7% · 🌾 55.3%
Spearman ×65 · Archer ×64 · Militia ×11 · Monk ×8 · Skirmisher ×7 · Mangonel ×5
Feudal
8:56
Castle
24:09
Imperial
—
| APM avg | 58.5 |
| APM peak | 90 |
| eAPM avg | 29.5 |
| Villagers / military | 114 / 111 |
Focus
⚔️ 33.0% · 🌾 67.0%
Knight ×77 · Archer ×14 · Scout Cavalry ×11 · Scorpion ×4 · Mangonel ×2 · Battering Ram ×2
Match map
Initial resources + every placement click. Lines = walls · curves = elevation contours. ◆ gold · ⬟ stone · ● berries · ✦ relic · ◌ wall gap
Your base· ✓ Closed at 21:58 · 22t walls · 1 gate(s)
boanaan's base· ✓ Closed at 24:09 · 20t walls · no gate
Smoothed initial terrain · ◌ = detected wall gap · hover for details
Inputs per minute
— CNZS_Bad Koala - - boanaan
Build order — CNZS_Bad Koala
First 150 of 452 actions detected
| 0:00 | Create | Villager (Male) |
| 0:02 | Build | House |
| 0:04 | Build | House |
| 0:18 | Create | Villager (Male) |
| 0:18 | Create | Villager (Male) |
| 0:18 | Create | Villager (Male) |
| 0:19 | Create | Villager (Male) |
| 1:25 | Create | Villager (Male) |
| 1:25 | Create | Villager (Male) |
| 1:42 | Build | Lumber Camp |
| 1:59 | Create | Villager (Male) |
| 2:29 | Create | Villager (Male) |
| 2:29 | Create | Villager (Male) |
| 2:54 | Create | Villager (Male) |
| 2:54 | Create | Villager (Male) |
| 3:09 | Create | Villager (Male) |
| 3:09 | Create | Villager (Male) |
| 3:40 | Build | House |
| 3:42 | Build | House |
| 3:45 | Create | Villager (Male) |
| 3:57 | Build | House |
| 4:04 | Create | Villager (Male) |
| 4:24 | Create | Villager (Male) |
| 4:31 | Build | Barracks |
| 4:35 | Build | Palisade Wall |
| 4:37 | Build | Palisade Wall |
| 4:41 | Build | Palisade Wall |
| 4:58 | Create | Villager (Male) |
| 4:59 | Create | Villager (Male) |
| 5:34 | Create | Militia |
| 5:34 | Create | Militia |
| 5:46 | Research | Loom |
| 5:50 | Create | Militia |
| 6:00 | Build | Mill |
| 6:18 | Create | Villager (Male) |
| 6:30 | Create | Villager (Male) |
| 7:05 | Build | House |
| 7:08 | Create | Villager (Male) |
| 7:21 | Create | Villager (Male) |
| 7:40 | Build | Mill |
| 7:57 | Create | Villager (Male) |
| 8:23 | Create | Villager (Male) |
| 8:50 | Research | Feudal Age |
| 8:51 | Research | Feudal Age |
| 8:53 | Build | Mining Camp |
| 9:38 | Create | Militia |
| 9:57 | Create | Villager (Male) |
| 10:04 | Create | Militia |
| 10:05 | Create | Villager (Male) |
| 10:10 | Create | Villager (Male) |
| 10:10 | Create | Villager (Male) |
| 10:11 | Build | House |
| 10:24 | Build | Farm |
| 10:25 | Build | Farm |
| 10:26 | Build | Farm |
| 10:31 | Create | Militia |
| 10:35 | Create | Villager (Male) |
| 11:00 | Age | Feudal Age |
| 11:02 | Research | Man-at-Arms (upgrade) |
| 11:02 | Research | Man-at-Arms (upgrade) |
| 11:07 | Research | Double-Bit Axe |
| 11:30 | Create | Militia |
| 11:31 | Create | Villager (Male) |
| 11:31 | Create | Villager (Male) |
| 11:42 | Create | Spearman |
| 11:46 | Create | Spearman |
| 11:55 | Create | Villager (Male) |
| 11:58 | Build | Archery Range |
| 12:03 | Create | Villager (Male) |
| 12:10 | Build | House |
| 12:27 | Create | Villager (Male) |
| 12:30 | Build | House |
| 12:32 | Build | House |
| 12:45 | Build | Farm |
| 12:47 | Build | Farm |
| 12:53 | Create | Archer |
| 12:53 | Create | Archer |
| 12:55 | Create | Villager (Male) |
| 13:23 | Create | Villager (Male) |
| 13:26 | Build | Farm |
| 13:27 | Create | Skirmisher |
| 13:27 | Create | Skirmisher |
| 13:37 | Create | Villager (Male) |
| 13:39 | Build | Farm |
| 13:49 | Build | Palisade Wall |
| 13:49 | Build | Palisade Wall |
| 13:58 | Create | Villager (Male) |
| 14:01 | Build | Blacksmith |
| 14:09 | Create | Skirmisher |
| 14:10 | Create | Villager (Male) |
| 14:16 | Build | Palisade Wall |
| 14:21 | Create | Skirmisher |
| 14:45 | Create | Skirmisher |
| 14:56 | Build | Lumber Camp |
| 14:59 | Build | Farm |
| 15:02 | Create | Villager (Male) |
| 15:06 | Build | House |
| 15:07 | Build | House |
| 15:11 | Research | Fletching |
| 15:11 | Research | Fletching |
| 15:22 | Create | Skirmisher |
| 15:35 | Create | Villager (Male) |
| 15:38 | Build | Farm |
| 15:39 | Build | Farm |
| 15:59 | Create | Skirmisher |
| 16:11 | Build | Market |
| 16:13 | Build | Farm |
| 16:16 | Build | Farm |
| 16:32 | Create | Spearman |
| 16:34 | Create | Villager (Male) |
| 16:38 | Build | House |
| 16:39 | Build | Palisade Wall |
| 17:06 | Create | Villager (Male) |
| 17:14 | Create | Militia |
| 17:14 | Create | Militia |
| 17:19 | Create | Archer |
| 17:19 | Create | Archer |
| 17:24 | Create | Villager (Male) |
| 17:28 | Build | Farm |
| 17:29 | Build | Farm |
| 17:30 | Build | Archery Range |
| 17:31 | Build | Lumber Camp |
| 17:44 | Create | Archer |
| 17:50 | Create | Villager (Male) |
| 18:12 | Create | Archer |
| 18:35 | Create | Villager (Male) |
| 18:51 | Create | Archer |
| 18:53 | Build | Farm |
| 19:18 | Research | Castle Age |
| 19:47 | Create | Archer |
| 19:48 | Create | Archer |
| 19:48 | Create | Villager (Male) |
| 19:58 | Build | Palisade Gate |
| 20:06 | Create | Archer |
| 20:06 | Create | Archer |
| 20:18 | Research | Padded Archer Armor |
| 20:21 | Research | Horse Collar |
| 20:23 | Create | Archer |
| 20:25 | Create | Villager (Male) |
| 20:28 | Build | House |
| 20:30 | Build | House |
| 20:47 | Create | Archer |
| 20:47 | Create | Villager (Male) |
| 21:01 | Create | Archer |
| 21:01 | Create | Archer |
| 21:04 | Research | Gold Mining |
| 21:22 | Create | Villager (Male) |
| 21:23 | Create | Archer |
| 21:23 | Create | Archer |
| 21:32 | Build | House |
Build order — boanaan
First 150 of 354 actions detected
| 0:00 | Create | Villager (Male) |
| 0:02 | Build | House |
| 0:03 | Build | House |
| 0:06 | Create | Villager (Male) |
| 0:07 | Create | Villager (Male) |
| 0:07 | Create | Villager (Male) |
| 1:26 | Create | Villager (Male) |
| 1:44 | Build | Lumber Camp |
| 1:59 | Create | Villager (Male) |
| 2:00 | Create | Villager (Male) |
| 2:17 | Create | Villager (Male) |
| 2:45 | Create | Villager (Male) |
| 2:45 | Create | Villager (Male) |
| 3:07 | Create | Villager (Male) |
| 3:07 | Create | Villager (Male) |
| 3:34 | Create | Villager (Male) |
| 3:51 | Build | Mill |
| 3:58 | Create | Villager (Male) |
| 3:58 | Create | Villager (Male) |
| 4:11 | Build | House |
| 4:37 | Create | Villager (Male) |
| 4:59 | Create | Villager (Male) |
| 5:00 | Create | Villager (Male) |
| 5:49 | Create | Villager (Male) |
| 6:16 | Research | Loom |
| 6:46 | Research | Feudal Age |
| 7:01 | Build | Barracks |
| 7:07 | Build | Palisade Wall |
| 7:20 | Build | House |
| 7:21 | Build | House |
| 7:26 | Build | Palisade Wall |
| 7:29 | Build | Palisade Wall |
| 7:52 | Create | Villager (Male) |
| 8:14 | Create | Villager (Male) |
| 8:34 | Create | Villager (Male) |
| 8:56 | Age | Feudal Age |
| 8:58 | Build | Stable |
| 8:59 | Research | Double-Bit Axe |
| 9:16 | Create | Villager (Male) |
| 9:32 | Create | Villager (Male) |
| 9:48 | Create | Villager (Male) |
| 9:54 | Build | Mill |
| 10:04 | Create | Scout Cavalry |
| 10:28 | Create | Scout Cavalry |
| 10:39 | Research | Horse Collar |
| 10:40 | Research | Horse Collar |
| 10:41 | Build | Farm |
| 10:43 | Build | Farm |
| 11:03 | Build | Farm |
| 11:25 | Create | Villager (Male) |
| 11:40 | Build | House |
| 11:48 | Build | Archery Range |
| 11:51 | Create | Villager (Male) |
| 12:08 | Build | House |
| 12:11 | Build | House |
| 12:14 | Build | Palisade Wall |
| 12:20 | Create | Villager (Male) |
| 12:29 | Create | Archer |
| 12:31 | Build | Farm |
| 12:34 | Build | Farm |
| 12:42 | Build | Mining Camp |
| 12:56 | Build | House |
| 12:57 | Build | Palisade Wall |
| 13:00 | Build | House |
| 13:02 | Create | Villager (Male) |
| 13:17 | Create | Skirmisher |
| 13:26 | Create | Villager (Male) |
| 13:27 | Build | Farm |
| 13:47 | Create | Villager (Male) |
| 13:54 | Build | Farm |
| 14:12 | Create | Villager (Male) |
| 14:15 | Create | Archer |
| 14:18 | Build | Farm |
| 14:20 | Build | Farm |
| 14:22 | Build | Farm |
| 14:37 | Build | Farm |
| 14:40 | Create | Villager (Male) |
| 14:48 | Build | Farm |
| 15:00 | Create | Archer |
| 15:10 | Build | Blacksmith |
| 15:14 | Create | Villager (Male) |
| 15:26 | Build | Lumber Camp |
| 15:31 | Create | Villager (Male) |
| 15:33 | Create | Archer |
| 15:50 | Create | Scout Cavalry |
| 15:51 | Create | Scout Cavalry |
| 15:59 | Build | Farm |
| 16:05 | Build | Farm |
| 16:07 | Create | Villager (Male) |
| 16:11 | Create | Scout Cavalry |
| 16:21 | Research | Fletching |
| 16:30 | Create | Villager (Male) |
| 16:33 | Build | Farm |
| 16:45 | Create | Archer |
| 16:51 | Create | Scout Cavalry |
| 17:01 | Build | Farm |
| 17:08 | Create | Villager (Male) |
| 17:17 | Create | Archer |
| 17:23 | Create | Villager (Male) |
| 17:28 | Build | Farm |
| 17:38 | Create | Scout Cavalry |
| 17:42 | Create | Archer |
| 17:44 | Build | Farm |
| 17:45 | Create | Villager (Male) |
| 18:00 | Create | Archer |
| 18:22 | Create | Villager (Male) |
| 18:24 | Research | Bloodlines |
| 18:24 | Research | Bloodlines |
| 18:34 | Create | Villager (Male) |
| 18:36 | Build | Farm |
| 18:39 | Build | Farm |
| 18:48 | Research | Scale Barding Armor |
| 18:48 | Research | Scale Barding Armor |
| 19:07 | Create | Villager (Male) |
| 19:12 | Create | Archer |
| 19:12 | Create | Archer |
| 19:41 | Create | Villager (Male) |
| 19:52 | Create | Archer |
| 20:00 | Build | Lumber Camp |
| 20:02 | Create | Villager (Male) |
| 20:18 | Create | Archer |
| 20:21 | Create | Scout Cavalry |
| 20:31 | Create | Scout Cavalry |
| 20:35 | Create | Villager (Male) |
| 20:41 | Build | House |
| 20:42 | Build | House |
| 20:46 | Create | Archer |
| 21:04 | Create | Villager (Male) |
| 21:06 | Create | Archer |
| 21:27 | Research | Castle Age |
| 21:33 | Build | Stable |
| 21:35 | Build | Stable |
| 21:54 | Research | Gold Mining |
| 22:56 | Build | Market |
| 23:21 | Create | Villager (Male) |
| 24:09 | Age | Castle Age |
| 24:14 | Build | Town Center |
| 24:15 | Create | Knight |
| 24:15 | Create | Knight |
| 24:17 | Research | Chain Barding Armor |
| 24:20 | Create | Knight |
| 24:23 | Create | Knight |
| 24:23 | Create | Knight |
| 24:23 | Create | Knight |
| 24:23 | Create | Knight |
| 24:29 | Create | Villager (Male) |
| 24:29 | Create | Villager (Male) |
| 24:51 | Build | Mining Camp |
| 25:03 | Create | Villager (Male) |
| 25:04 | Create | Knight |
Match timeline
| 4:31 | CNZS_Bad Koala · first_building Barracks |
| 4:35 | CNZS_Bad Koala · wall_segment Palisade Wall x1 |
| 4:37 | CNZS_Bad Koala · wall_segment Palisade Wall x1 |
| 4:41 | CNZS_Bad Koala · wall_segment Palisade Wall x1 |
| 7:01 | boanaan · first_building Barracks |
| 7:07 | boanaan · wall_segment Palisade Wall x1 |
| 7:26 | boanaan · wall_segment Palisade Wall x1 |
| 7:29 | boanaan · wall_segment Palisade Wall x10 |
| 8:56 | boanaan · age_up feudal |
| 8:58 | boanaan · first_building Stable |
| 11:00 | CNZS_Bad Koala · age_up feudal |
| 11:48 | boanaan · first_building Archery Range |
| 11:58 | CNZS_Bad Koala · first_building Archery Range |
| 12:14 | boanaan · wall_segment Palisade Wall x7 |
| 12:57 | boanaan · wall_segment Palisade Wall x1 |
| 13:49 | CNZS_Bad Koala · wall_segment Palisade Wall x3 |
| 13:49 | CNZS_Bad Koala · wall_segment Palisade Wall x2 |
| 14:16 | CNZS_Bad Koala · wall_segment Palisade Wall x3 |
| 16:39 | CNZS_Bad Koala · wall_segment Palisade Wall x13 |
| 18:31 | CNZS_Bad Koala · first_market_buy 100 food |
| 19:13 | CNZS_Bad Koala · first_market_sell 100 wood |
| 21:58 | CNZS_Bad Koala · age_up castle |
| 22:07 | CNZS_Bad Koala · first_building Siege Workshop |
| 23:45 | boanaan · first_market_sell 100 wood |
| 24:09 | boanaan · age_up castle |
| 26:57 | CNZS_Bad Koala · first_building Monastery |
| 28:51 | CNZS_Bad Koala · wall_segment Palisade Wall x1 |
| 28:53 | CNZS_Bad Koala · wall_segment Palisade Wall x1 |
| 28:54 | CNZS_Bad Koala · wall_segment Palisade Wall x1 |
| 28:55 | CNZS_Bad Koala · wall_segment Palisade Wall x1 |
| 29:24 | boanaan · first_building Siege Workshop |
| 32:37 | boanaan · first_market_buy 100 food |
| 35:56 | CNZS_Bad Koala · first_building Castle |
| 38:32 | boanaan · resign |
[ AI ANALYSIS · 1 CREDIT ]
What really happened in this match?
Wolo.gg analyzes every decision: build order, eco, micro, common mistakes by bracket. Personalized analysis on WhatsApp or Discord in 30 seconds.
Civ guide
Celts
Perfil
Bad Koala (CNZS_Bad Koala)